Workbook
Name \0: #REF!
Name \00: #REF!
Name \a: #REF!
Name \a: #REF!
Name \AA: [1]LIQUIDACION!#REF!
Name \b: [2]STRSUMM0!#REF!
Name \bb: [2]STRSUMM0!#REF!
Name \E: #REF!
Name \EE: #REF!
Name \G: #REF!
Name \k: '[3]7422CW00'!#REF!
Name \l: [4]STRSUMM0!#REF!
Name \M: #REF!
Name \ñ: '[5]7422CW00'!#REF!
Name \P: #REF!
Name \R: #REF!
Name \s: #REF!
Name \s: #REF!
Name \V: #REF!
Name \X: 'INDICAR CÓDIGO DEL ITEM DE PAGO'!ERR
Name \X: [0]!ERR
Name \Z: 'INDICAR CÓDIGO DEL ITEM DE PAGO'!ERR
Name \Z: [0]!ERR
Name _________AFC1: [6]INV!$A$25:$D$28
Name _________AFC3: [6]INV!$F$25:$I$28
Name _________AFC5: [6]INV!$K$25:$N$28
Name _________BGC1: [6]INV!$A$5:$D$8
Name _________BGC3: [6]INV!$F$5:$I$8
Name _________BGC5: [6]INV!$K$5:$N$8
Name _________CAC1: [6]INV!$A$19:$D$22
Name _________CAC3: [6]INV!$F$19:$I$22
Name _________CAC5: [6]INV!$K$19:$N$22
Name _________PJ50: #REF!
Name _________PJ50: #REF!
Name _________SBC1: [6]INV!$A$12:$D$15
Name _________SBC3: [6]INV!$F$12:$I$15
Name _________SBC5: [6]INV!$K$12:$N$15
Name ________AFC1: [6]INV!$A$25:$D$28
Name ________AFC3: [6]INV!$F$25:$I$28
Name ________AFC5: [6]INV!$K$25:$N$28
Name ________BGC1: [6]INV!$A$5:$D$8
Name ________BGC3: [6]INV!$F$5:$I$8
Name ________BGC5: [6]INV!$K$5:$N$8
Name ________CAC1: [6]INV!$A$19:$D$22
Name ________CAC3: [6]INV!$F$19:$I$22
Name ________CAC5: [6]INV!$K$19:$N$22
Name ________MA2: #REF!
Name ________MA2: #REF!
Name ________PJ50: #REF!
Name ________PJ50: #REF!
Name ________SBC1: [6]INV!$A$12:$D$15
Name ________SBC3: [6]INV!$F$12:$I$15
Name ________SBC5: [6]INV!$K$12:$N$15
Name _______AFC1: [6]INV!$A$25:$D$28
Name _______AFC3: [6]INV!$F$25:$I$28
Name _______AFC5: [6]INV!$K$25:$N$28
Name _______BGC1: [6]INV!$A$5:$D$8
Name _______BGC3: [6]INV!$F$5:$I$8
Name _______BGC5: [6]INV!$K$5:$N$8
Name _______CAC1: [6]INV!$A$19:$D$22

Sheet PRESUPUESTO OFICIAL (Entidad)
C3: Formulario 1 - Propuesta económica - Licitación de obra pública de infraestructura social
C4: Código | D4: CCE-EICP-FM-116 | E4: Versión | F4: 1
C6: PRESUPUESTO OFICIAL
C7: [La Entidad puede utilizar este Formulario de detalle del Presupuesto Oficial para determinar las condiciones bajo las cuales los Proponentes analizarán y presentarán su propuesta económica de forma detallada, sin perjuicio que la Entidad pueda modificarlo o establecer la presentación de la oferta económica con un Formulario distinto al indicado.]
C9: Adicionalmente, cuando el Proceso de Contratación es estructurado por Precios Unitarios, la Entidad debe aplicar las notas 1, 2 y 3 del presente Formulario y las casillas de "Descripción", "Porcentaje" de la Administración, Imprevisto, Utilidad y total A.U. resaltadas en color amarillo. Tratándose de otras modalidades de precio, la Entidad puede o no configurar los mismos aspectos.
C11: Nº | D11: ÍTEM DE PAGO | E11: ESPECIFICACIONES | G11: DESCRIPCIÓN | H11: UND. | I11: CANTIDAD | J11: VALOR UNITARIO | K11: VALOR TOTAL
E12: GENERAL | F12: PARTICULAR
C13: I. EXCAVACIONES Y LLENOS
C14: 1 | D14: 600.2p | E14: 600 | G14: Excavación manual de material heterogéneo, bajo cualquier grado de humedad incluye la botada y el transporte interno, a entera satisfacción del supervisor. | H14: m3 | I14: =0.1*0.2*5*9+0.1*5*25 -> 13.4 | J14: =+'INDICAR CÓDIGO DEL ITEM DE PAGO'!O56 -> 35000 | K14: =+I14*J14 -> 469000
C15: 2 | D15: 320.2 | E15: 320 | G15: Suministro, transporte y colocación de base granular incluye la compactación de los materiales al 95% proctor modificado, a entera satisfacción del supervisor. | H15: m3 | I15: =25*5*0.15 -> 18.75 | J15: =+'INDICAR CÓDIGO DEL ITEM DE PAGO'!O90 -> 176000 | K15: =+I15*J15 -> 3300000
C16: Subtotal | K16: =+SUM(K14:K15) -> 3769000
C17: II. CONCRETOS
C18: 3 | D18: 630.4 | E18: 630 | G18: Suministro, transporte e intalación de concreto hidraulico clase D de 210 kg/cm2, para riel de 0.90 m de ancho y un espesor de 0.15 m, incluye los acabados, la formaleta y los demas materiales necesarios para la correcta elaboración del riel a entera satisfacción de la supervisión. | H18: m3 | I18: 6.75 | J18: =+'INDICAR CÓDIGO DEL ITEM DE PAGO'!O129 -> 545000 | K18: =+I18*J18 -> 3678750
C19: 4 | D19: 630.4 | E19: 630 | G19: Suministro, transporte e intalación de concreto hidraulico clase D de 210 kg/cm2, para canal en V con ancho de 0.75 con espesor de 0.15 m incluye los acabados, la formaleta y los demas materiales necesarios para la correcta elaboración del canal a entera satisfacción de la supervisión. | H19: m3 | I19: 5.63 | J19: =+'INDICAR CÓDIGO DEL ITEM DE PAGO'!O169 -> 555000 | K19: =+I19*J19 -> 3124650
C20: 5 | D20: 630.7 | E20: 630 | G20: Suministro, transporte e intalación de concreto ciclopeo clase G para entre riel de 0.90 m y sobre-anchos de 0.40 m ambos con espesor de 0.15 m, inlcuye la formaleta y los demas materiales necesarios para la correcta elaboración a entera satisfacción de la supervisión. | H20: m3 | I20: 6.38 | J20: =+'INDICAR CÓDIGO DEL ITEM DE PAGO'!O209 -> 391868.22 | K20: =+I20*J20 -> 2500119.2
C21: 6 | D21: 630.4 | E21: 630 | G21: Suministro, transporte e intalación de concreto hidráulico clase D de 210 kg/cm2 para vigas riostras con dimensiones de 0.2 * 0.25, inlcuye la formaleta y los demás materiales necesarios para la correcta elaboración a entera satisfacción de la supervisión. | H21: m3 | I21: 2.25 | J21: =+'INDICAR CÓDIGO DEL ITEM DE PAGO'!O249 -> 625000 | K21: =+I21*J21 -> 1406250
C22: Subtotal | K22: =+SUM(K18:K21) -> 10709769
C23: III. ACERO
C24: 7 | D24: 640.1 | E24: 640 | G24: Suministro, transporte e instalación de acero de refuerzo y todo calibe de 60000 y de 37000 psi, incluye figurado, armado y los demas elementos necesarios para la correcta instalación a satisfacción de la supervisión. | H24: kg | I24: 594 | J24: =+'INDICAR CÓDIGO DEL ITEM DE PAGO'!O281 -> 8000 | K24: =+I24*J24 -> 4752000
C25: Subtotal | K25: =+SUM(K24) -> 4752000
C26: SUBTOTAL COSTOS DIRECTOS | K26: =+K16+K22+K25 -> 19230769
C29: NOTA 1: Se debe tener en cuenta que el PRECIO UNITARIO incluye el valor de A.U. | H29: DESCRIPCION | K29: PORCENTAJE
C30: NOTA 2: Cuando la fracción decimal del peso sea igual o superior a 5 se aproximará por exceso al número entero siguiente del peso y cuando la fracción decimal del peso sea inferior a 5 se aproximará por defecto al número entero del peso. | H30: ADMINISTRACIÓN | J30: A= | K30: 0.25
C31: NOTA 3: El A.U y su discriminación deben estar en porcentaje (%).
H32: UTILIDAD | J32: U= | K32: 0.05
H33: TOTAL A.U | J33: A.U.= | K33: =+SUM(K30:K32) -> 0.3
G36: ADMINISTRACIÓN 25% | K36: =+K26*0.25 -> 4807692.3
G37: UTILIDAD 5% | K37: =0.05*K26 -> 961538.46
G38: SUBTOTAL COSTOS INDIRECTOS | K38: =+K36+K37 -> 5769230.8
G42: VALOR TOTAL DE LA OBRA | K42: =+K38+K26 -> 25000000

Sheet PROPUESTA ECONOMICA(Proponente)
C3: Formulario 1 - Propuesta económica - Licitación de obra pública de infraestructura social
C4: Código | D4: CCE-EICP-FM-116 | E4: Versión | F4: 1
C5: FORMULARIO 1
C6: PROPUESTA ECONÓMICA
C7: [La Entidad puede utilizar este Formulario de presentación de Propuesta Económica de forma detallada, sin perjuicio que la Entidad pueda modificarlo o establecer la presentación de la oferta económica con un Formulario distinto al indicado.] [Los Proponentes emplearán el Formulario establecido por la Entidad para determinar su propuesta económica conforme al Formulario 1 - Presupuesto Oficial publicado por la Entidad]
C9: Cuando el Proceso de Contratación es estructurado por Precios Unitarios, la Entidad debe aplicar las notas 1, 2 y 3 del presente formato y las casillas de "Descripción", "Porcentaje" de la Administración, Imprevisto, Utilidad y total A.U. resaltadas en color amarillo.
C11: Nº | D11: ÍTEM DE PAGO | E11: ESPECIFICACIONES | G11: DESCRIPCIÓN | H11: UND. | I11: CANTIDAD | J11: VALOR UNITARIO | K11: VALOR TOTAL
E12: GENERAL | F12: PARTICULAR
C15: Subtotal
C21: Subtotal
C31: Subtotal
C36: Subtotal
C39: Subtotal
C40: SUBTOTAL OBRAS
G45: SUBTOTAL OBRAS (INCLUYE IVA)
G49: VALOR TOTAL
C52: NOTA 1: Se debe tener en cuenta que el PRECIO UNITARIO incluye el valor de A.U. | H52: DESCRIPCIÓN | K52: PORCENTAJE
C53: NOTA 2: Cuando la fracción decimal del peso sea igual o superior a 5 se aproximara por exceso al número entero siguiente del peso y cuando la fracción decimal del peso sea inferior a 5 se aproximará por defecto al número entero del peso. | H53: ADMINISTRACIÓN | J53: A= | K53: [Ofrecimiento del Proponente]
C54: NOTA 3: El A.I.U y su discriminación deben estar en porcentaje (%).
H55: UTILIDAD | J55: U= | K55: [Ofrecimiento del Proponente]
H56: TOTAL A.U | J56: A.U.= | K56: [Ofrecimiento del Proponente]
G59: Firma del Proponente o de su representante legal

Sheet INDICAR CÓDIGO DEL ITEM DE PAGO
C3: Formulario 1 - Propuesta económica - Licitación de obra pública de infraestructura social
C4: Código | D4: CCE-EICP-FM-116 | E4: Versión | F4: 1
C6: [La Entidad podrá utilizar este Formato para la presentación de los análisis de Precios Unitarios del Contratista en la oportunidad prevista en el numeral 8.1. del Documento Base]
D9: [NOMBRE DE LA ENTIDAD]
L10: VERSIÓN
D11: [NÚMERO DEL PROCESO]
L12: PÁGINA | M12: 1 | N12: DE | O12: 1
D14: ANÁLISIS DE PRECIOS UNITARIOS
L16: FECHA | M16: DD | N16: MM | O16: AA
C18: ÍTEMS DE LA PROPUESTA ECONÓMICA | I18: ÍTEMS NO PREVISTOS
C22: DATOS ESPECÍFICOS
C24: ÍTEM | D24: DESCRIPCIÓN | M24: UNIDAD | O24: CANTIDAD
C25: =+'PRESUPUESTO OFICIAL (Entidad)'!D14 -> 600.2p | D25: =+'PRESUPUESTO OFICIAL (Entidad)'!G14 -> Excavación manual de material heterogéneo, bajo cualquier grado de humedad incluye la botada y el transporte interno, a entera satisfacción del supervisor. | M25: =+'PRESUPUESTO OFICIAL (Entidad)'!H14 -> m3 | O25: =+'PRESUPUESTO OFICIAL (Entidad)'!I14 -> 13.4
C29: DESCRIPCIÓN | H29: MARCA | J29: TIPO | L29: TARIFA/HORA | M29: RENDIMIENTO | O29: Vr. UNITARIO
C33: SUBTOTAL $
C34: II. MATERIALES
C37: DESCRIPCIÓN | K37: UNIDAD | L37: CANTIDAD | M37: PRECIO UNIT. | O37: Vr. UNITARIO
C38: herramienta menor | K38: Día | L38: 0.05 | M38: =+O54 -> 33333.333 | O38: =+L38*M38 -> 1666.6667
C40: SUBTOTAL $ | O40: =+SUM(O38) -> 1666.6667
C41: III. TRANSPORTES
C44: MATERIAL | J44: VOL. o PESO | K44: DISTANCIA | L44: M3 o Ton/Km | M44: TARIFA | O44: Vr. UNITARIO
C47: SUBTOTAL $
C48: IV. MANO DE OBRA
C51: TRABAJADOR | J51: JORNAL | K51: PRESTACIONES | L51: JORNAL TOTAL | M51: RENDIMIENTO | O51: Vr. UNITARIO
C52: 1 of + 1 ayu | J52: 97568.122 | K52: 1.85 | L52: =+J52*K52 -> 180501.03 | M52: 0.17587729 | O52: =+L52*M52 -> 31746.032
C53: Seguridad industrial 5% MDO | K53: 0.05 | L53: =+O52 -> 31746.032 | O53: =+K53*L53 -> 1587.3016
C54: SUBTOTAL $ | O54: =+SUM(O52:O53) -> 33333.333
C56: TOTAL COSTO DIRECTO $ | O56: =+O33+O40+O47+O54 -> 35000
C58: ÍTEM | D58: DESCRIPCIÓN | M58: UNIDAD | O58: CANTIDAD
C59: =+'PRESUPUESTO OFICIAL (Entidad)'!D15 -> 320.2 | D59: =+'PRESUPUESTO OFICIAL (Entidad)'!G15 -> Suministro, transporte y colocación de base granular incluye la compactación de los materiales al 95% proctor modificado, a entera satisfacción del supervisor. | M59: =+'PRESUPUESTO OFICIAL (Entidad)'!H15 -> m3 | O59: =+'PRESUPUESTO OFICIAL (Entidad)'!I15 -> 18.75
C63: DESCRIPCIÓN | H63: MARCA | J63: TIPO | L63: TARIFA/HORA | M63: RENDIMIENTO | O63: Vr. UNITARIO
C64: Rana Compactadora | H64: KOMAX - Diésel | L64: 5000 | M64: =0.12*8 -> 0.96 | O64: =+L64*M64 -> 4800
C67: SUBTOTAL $ | O67: =+SUM(O64) -> 4800
C68: II. MATERIALES
C71: DESCRIPCIÓN | K71: UNIDAD | L71: CANTIDAD | M71: PRECIO UNIT. | O71: Vr. UNITARIO
C72: herramienta menor | K72: Día | L72: 0.05 | M72: =+O88 -> 17333.333 | O72: =+L72*M72 -> 866.66667
C73: base granular | K73: m3 | L73: 1 | M73: 125000 | O73: =+L73*M73 -> 125000
C74: SUBTOTAL $ | O74: =+SUM(O72:O73) -> 125866.67
C75: III. TRANSPORTES
C78: MATERIAL | J78: VOL. o PESO | K78: DISTANCIA | L78: M3 o Ton/Km | M78: TARIFA | O78: Vr. UNITARIO
C79: viaje | J79: 1 | K79: 40 | L79: M3/km | M79: 700 | O79: =+J79*K79*M79 -> 28000
C81: SUBTOTAL $ | O81: =+SUM(O79) -> 28000
C82: IV. MANO DE OBRA
C85: TRABAJADOR | J85: JORNAL | K85: PRESTACIONES | L85: JORNAL TOTAL | M85: RENDIMIENTO | O85: Vr. UNITARIO
C86: 1 of + 1 ayu | J86: 97568.122 | K86: 1.85 | L86: =+J86*K86 -> 180501.03 | M86: 0.091456192 | O86: =+L86*M86 -> 16507.937
C87: Seguridad industrial 5% MDO | K87: 0.05 | L87: =+O86 -> 16507.937 | O87: =+K87*L87 -> 825.39683
C88: SUBTOTAL $ | O88: =+SUM(O86:O87) -> 17333.333
C90: TOTAL COSTO DIRECTO $ | O90: =+O67+O74+O81+O88 -> 176000
C92: ÍTEM | D92: DESCRIPCIÓN | M92: UNIDAD | O92: CANTIDAD
C93: =+'PRESUPUESTO OFICIAL (Entidad)'!D18 -> 630.4 | D93: =+'PRESUPUESTO OFICIAL (Entidad)'!G18 -> Suministro, transporte e intalación de concreto hidraulico clase D de 210 kg/cm2, para riel de 0.90 m de ancho y un espesor de 0.15 m, incluye los acabados, la formaleta y los demas materiales necesarios para la correcta elaboración del riel a entera satisfacción de la supervisión. | M93: =+'PRESUPUESTO OFICIAL (Entidad)'!H18 -> m3 | O93: =+'PRESUPUESTO OFICIAL (Entidad)'!I18 -> 6.75
C97: DESCRIPCIÓN | H97: MARCA | J97: TIPO | L97: TARIFA/HORA | M97: RENDIMIENTO | O97: Vr. UNITARIO
C98: Concretadora | H98: KOMAX - Diésel | L98: 7500 | M98: =0.2*8 -> 1.6 | O98: =+L98*M98 -> 12000
C99: Vibrador electrico | H99: Bosh | L99: 4250 | M99: =0.1*8 -> 0.8 | O99: =+L99*M99 -> 3400
C101: SUBTOTAL $ | O101: =+SUM(O98:O99) -> 15400
C102: II. MATERIALES
C105: DESCRIPCIÓN | K105: UNIDAD | L105: CANTIDAD | M105: PRECIO UNIT. | O105: Vr. UNITARIO
C106: herramienta menor | K106: Día | L106: 0.05 | M106: =+O127 -> 49633.333 | O106: =+L106*M106 -> 2481.6667
C107: Agregado Triturado | K107: M3 | L107: 0.84 | M107: 110000 | O107: =+L107*M107 -> 92400
C108: Arena de concreto | K108: M3 | L108: 0.63 | M108: 95000 | O108: =+L108*M108 -> 59850
C109: Cemento Gris saco de 50 kg | K109: Und | L109: 7 | M109: 30000 | O109: =+L109*M109 -> 210000
C110: Agua | K110: LT | L110: 185 | M110: 65 | O110: =+L110*M110 -> 12025
C111: Formaleta | K111: M2 | L111: 2.34 | M111: 18500 | O111: =+L111*M111 -> 43290
C112: SUBTOTAL $ | O112: =+SUM(O106:O111) -> 420046.67
C113: III. TRANSPORTES
C116: MATERIAL | J116: VOL. o PESO | K116: DISTANCIA | L116: M3 o Ton/Km | M116: TARIFA | O116: Vr. UNITARIO
C117: Triturado | J117: =+L107 -> 0.84 | K117: 40 | L117: m3/km | M117: 700 | O117: =+K117*M117 -> 28000
C118: Arena de concreto | J118: =+L108 -> 0.63 | K118: 40 | L118: m3/km | M118: 700 | O118: =+K118*M118 -> 28000
C119: Cemento Gris saco de 50 kg | J119: =+L109*0.04 -> 0.28 | K119: 20 | L119: m3/km | M119: 700 | O119: =+J119*K119*M119 -> 3920
C120: SUBTOTAL $ | O120: =+SUM(O117:O119) -> 59920
C121: IV. MANO DE OBRA
C124: TRABAJADOR | J124: JORNAL | K124: PRESTACIONES | L124: JORNAL TOTAL | M124: RENDIMIENTO | O124: Vr. UNITARIO
C125: 1 of + 1 ayu | J125: 97568.122 | K125: 1.85 | L125: =+J125*K125 -> 180501.03 | M125: 0.26188129 | O125: =+L125*M125 -> 47269.841
C126: Seguridad industrial 5% MDO | K126: 0.05 | L126: =+O125 -> 47269.841 | O126: =+K126*L126 -> 2363.4921
C127: SUBTOTAL $ | O127: =+SUM(O125:O126) -> 49633.333
C129: TOTAL COSTO DIRECTO $ | O129: =+O101+O112+O120+O127 -> 545000
C132: ÍTEM | D132: DESCRIPCIÓN | M132: UNIDAD | O132: CANTIDAD
C133: =+'PRESUPUESTO OFICIAL (Entidad)'!D19 -> 630.4 | D133: =+'PRESUPUESTO OFICIAL (Entidad)'!G19 -> Suministro, transporte e intalación de concreto hidraulico clase D de 210 kg/cm2, para canal en V con ancho de 0.75 con espesor de 0.15 m incluye los acabados, la formaleta y los demas materiales necesarios para la correcta elaboración del canal a entera satisfacción de la supervisión. | M133: =+'PRESUPUESTO OFICIAL (Entidad)'!H19 -> m3 | O133: =+'PRESUPUESTO OFICIAL (Entidad)'!I19 -> 5.63
C137: DESCRIPCIÓN | H137: MARCA | J137: TIPO | L137: TARIFA/HORA | M137: RENDIMIENTO | O137: Vr. UNITARIO
C138: Concretadora | H138: KOMAX - Diésel | L138: 7500 | M138: =0.2*8 -> 1.6 | O138: =+L138*M138 -> 12000
C139: Vibrador electrico | H139: Bosh | L139: 4250 | M139: =0.1*8 -> 0.8 | O139: =+L139*M139 -> 3400
C141: SUBTOTAL $ | O141: =+SUM(O138:O139) -> 15400
C142: II. MATERIALES
C145: DESCRIPCIÓN | K145: UNIDAD | L145: CANTIDAD | M145: PRECIO UNIT. | O145: Vr. UNITARIO
C146: herramienta menor | K146: Día | L146: 0.05 | M146: =+O167 -> 74876.19 | O146: =+L146*M146 -> 3743.8095
C147: Agregado Triturado | K147: M3 | L147: 0.84 | M147: 110000 | O147: =+L147*M147 -> 92400
C148: Arena de concreto | K148: M3 | L148: 0.63 | M148: 95000 | O148: =+L148*M148 -> 59850
C149: Cemento Gris saco de 50 kg | K149: Und | L149: 7 | M149: 30000 | O149: =+L149*M149 -> 210000
C150: Agua | K150: LT | L150: 185 | M150: 65 | O150: =+L150*M150 -> 12025
C151: Formaleta | K151: M2 | L151: 2.25 | M151: 18500 | O151: =+L151*M151 -> 41625
C152: SUBTOTAL $ | O152: =+SUM(O146:O151) -> 419643.81
C153: III. TRANSPORTES
C156: MATERIAL | J156: VOL. o PESO | K156: DISTANCIA | L156: M3 o Ton/Km | M156: TARIFA | O156: Vr. UNITARIO
C157: Triturado | J157: =+L147 -> 0.84 | K157: 40 | L157: m3/km | M157: 700 | O157: =+J157*K157*M157 -> 23520
C158: Arena de concreto | J158: =+L148 -> 0.63 | K158: 40 | L158: m3/km | M158: 700 | O158: =+J158*K158*M158 -> 17640
C159: Cemento Gris saco de 50 kg | J159: =+L149*0.04 -> 0.28 | K159: 20 | L159: m3/km | M159: 700 | O159: =+J159*K159*M159 -> 3920
C160: SUBTOTAL $ | O160: =+SUM(O157:O159) -> 45080
C161: IV. MANO DE OBRA
C164: TRABAJADOR | J164: JORNAL | K164: PRESTACIONES | L164: JORNAL TOTAL | M164: RENDIMIENTO | O164: Vr. UNITARIO
C165: 1 of + 1 ayu | J165: 97568.122 | K165: 1.85 | L165: =+J165*K165 -> 180501.03 | M165: 0.39507065 | O165: =+L165*M165 -> 71310.658
C166: Seguridad industrial 5% MDO | K166: 0.05 | L166: =+O165 -> 71310.658 | O166: =+K166*L166 -> 3565.5329
...
